Description

test

Replay - pvp phoenix

Build Order

Get SALT Encoding   

  12  0:00  Probe  
  13  0:13  Probe  
  14  0:17  Pylon  
  14  0:25  Probe (Chrono Boost)  
  15  0:37  Probe (Chrono Boost)  
  15  0:39  Gateway  
  16  0:43  Probe (Chrono Boost)  
  16  0:47  Assimilator  
  17  0:51  Probe (Chrono Boost)  
  18  0:58  Assimilator  
  18  1:03  Probe (Chrono Boost)  
  19  1:12  Gateway  
  19  1:14  Probe (Chrono Boost)  
  20  1:24  Probe  
  21  1:27  Cybernetics Core  
  21  1:36  Probe  
  22  1:42  Pylon  
  23  2:05  Adept x2  
  27  2:09  Warp Gate  
  27  2:18  Stargate  
  28  2:32  Pylon  
  28  2:39  Stalker  
  30  2:50  Stalker  
  32  3:08  Nexus  
  32  3:13  Phoenix (Chrono Boost)  
  33  3:29  Phoenix (Chrono Boost)  
  35  3:48  Phoenix (Chrono Boost)  
  38  4:06  Assimilator  
  39  4:18  Stargate  
  39  4:20  Phoenix (Chrono Boost)  
  41  4:26  Pylon  
  43  4:35  Assimilator  
  43  4:40  Phoenix (Chrono Boost)  
  49  5:01  Phoenix (Chrono Boost)  
  53  5:11  Phoenix (Chrono Boost)  
  59  5:23  Phoenix (Chrono Boost)  
  59  5:26  Pylon  
  60  5:38  Phoenix  
Spawning Tool Build Advisor. Get it on Overwolf

Analysis

test

Go to:

Details

  • Created by: Michauter
  • Published on: Feb 05, 2018
  • Modified on: Feb 05, 2018
  • Patch: 4.0.0
  • Difficulty: Easy
Show
View Real Time Build Order
Export as new Build Order

Comments (0)

There are no comments. Be the first!

Create an account to comment!